 Dungeon Crawl Stone Soup version 0.27-b1-23-g44b8eac545 (webtiles) character file.

Game seed: 8360339713063483490

150 pascalblue the Digger (level 5, -3/28 HPs)
             Began as a Deep Elf Earth Elementalist on July 27, 2021.
             Slain by an orc (6 damage)
             ... on level 3 of the Dungeon.
             The game lasted 00:05:28 (3649 turns).

pascalblue the Digger (Deep Elf Earth Elementalist) Turns: 3649, Time: 00:05:30

Health: -3/28      AC:  2    Str:  5    XL:     5   Next: 10%
Magic:  12/13      EV: 12    Int: 21    God:
Gold:   85         SH:  0    Dex: 15    Spells: 11/12 levels left

rFire    . . .     SeeInvis .   q - +4 dagger
rCold    . . .     Faith    .   (no shield)
rNeg     . . .     Spirit   .   b - +0 robe
rPois    .         Reflect  .   p - +0 hat
rElec    .         Harm     .   (no cloak)
rCorr    .         Rampage  .   (no gloves)
Will     .....                  (no boots)
Stlth    ++........             (no amulet)
HPRegen  0.09/turn              (no ring)
MPRegen  0.13/turn              (no ring)

@: no status effects
A: no striking features
a: no special abilities


You were on level 3 of the Dungeon.
You visited 1 branch of the dungeon, and saw 3 of its levels.

You collected 85 gold pieces.

Inventory:

Hand Weapons
 e - a +0 club
 g - a +0 short sword
 i - a +0 short sword of freezing
 q - a +4 dagger (weapon)
Missiles
 c - 63 stones
 l - a throwing net
Armour
 b - a +0 robe (worn)
 p - a +0 hat (worn)
Jewellery
 o - a ring of positive energy
Scrolls
 a - 2 scrolls of blinking {unknown}
 h - a scroll of magic mapping {unknown}
 j - 2 scrolls of enchant armour {unknown}
 k - a scroll of identify {unknown}
 m - a scroll of silence {unknown}
 n - a scroll of teleportation {unknown}
Potions
 d - a potion of might {unknown}
 f - a potion of degeneration {unknown}


   Skills:
 + Level 0.3 Fighting
 + Level 1.0 Short Blades
 - Level 2.4 Dodging
 - Level 2.4 Stealth
 + Level 4.3 Spellcasting
 - Level 1.1 Transmutations
 * Level 5.5 Earth Magic


You had 11 spell levels left.
You knew the following spells:

 Your Spells              Type           Power      Damage    Failure   Level
a - Sandblast             Erth           54%        2d13      1%          1

Your spell library contained the following spells:

 Spells                   Type           Power      Damage    Failure   Level
 Passwall                 Tmut/Erth      15%        N/A       4%          2
 Stone Arrow              Conj/Erth      32%        3d9       11%         3
 Petrify                  Tmut/Erth      18%        N/A       30%         4
 Inner Flame              Hex/Fire       4%         N/A       34%         3
 Cause Fear               Hex            2%         N/A       75%         4
 Discord                  Hex            2%         N/A       100%        8


Dungeon Overview and Level Annotations

Branches:
Dungeon (3/15)

Altars:
Ashenzari
Ru
Xom


Message History

You hit the jackal.
You kill the jackal!
You barely miss the jackal. The jackal bites you.
You closely miss the jackal. The jackal bites you. The jackal misses you.
You completely miss the jackal. The jackal bites you.
You hit the jackal.
The jackal is almost dead.
The jackal bites you but does no damage.
You hit the jackal.
You kill the jackal!
The orc curses repeatedly.
You hit the orc.
The orc is lightly wounded.
The orc closely misses you.
You hit the orc but do no damage.
The orc is lightly wounded.
The orc hits you with a +2 flail of protection!
You barely miss the orc.
The orc is lightly wounded.
The orc barely misses you.
You hit the orc.
The orc is heavily wounded.
The orc hits you but does no damage.
You closely miss the orc.
The orc is heavily wounded.
The orc closely misses you.
You completely miss the orc.
The orc is heavily wounded.
The orc hits you with a +2 flail of protection!
* * * LOW HITPOINT WARNING * * *
Unknown command.
Casting: Sandblast (safe; 1% risk of failure)
Confirm with . or Enter, or press ? or * to list all spells.
Aiming: Sandblast (safe; 1% risk of failure)
Press: ? - help, Shift-Dir - straight line, f - orc
Aim: an orc, wielding a +2 flail of protection (heavily wounded, 81% to hit)
The blast of sand hits the orc.
The orc is almost dead.
The orc hits you with a +2 flail of protection.
You die...

#######################
#.......Jo@...>.......#
#.....################.#
#.... #.# #... #.# #..
#.# #. #.# # #.# #.# #.#


You could see an orc and an endoplasm.

Vanquished Creatures
  Terence (D:2)
  Natasha (D:3)
  3 adders
  3 worms
  A dart slug (D:2)
  An orc (D:3)
  3 endoplasms
  2 giant cockroaches
  3 goblins
  4 hobgoblins
  8 jackals
  5 quokkas
  3 ball pythons
  7 bats
  12 kobolds
  4 rats
61 creatures vanquished.

Notes
Turn   | Place    | Note
-------+----------+-------------------------------------------
     0 | D:1      | pascalblue the Deep Elf Earth Elementalist began the quest
                  | for the Orb.
     0 | D:1      | Reached XP level 1. HP: 10/10 MP: 6/6
   255 | D:1      | Reached XP level 2. HP: 8/15 MP: 6/8
   261 | D:1      | Reached skill level 4 in Earth Magic
   638 | D:1      | Found a faded altar of an unknown god.
  1234 | D:1      | Found a sacrificial altar of Ru.
  1316 | D:2      | Reached XP level 3. HP: 9/19 MP: 7/9
  1476 | D:2      | Found a shimmering altar of Xom.
  1496 | D:2      | Noticed Terence
  1520 | D:2      | Killed Terence
  1811 | D:2      | Reached skill level 5 in Earth Magic
  1811 | D:2      | Reached XP level 4. HP: 10/24 MP: 9/11
  3184 | D:3      | Noticed Natasha
  3189 | D:3      | Killed Natasha
  3190 | D:3      | Reached skill level 1 in Short Blades
  3424 | D:3      | Reached XP level 5. HP: 23/28 MP: 13/13
  3547 | D:3      | Found a broken altar of Ashenzari.
  3649 | D:3      | Slain by an orc

Illustrated notes

Levels and vault maps discovered:
D:1:      dpeg_arrival_lava_altar, layout_basic,
          dilly_ecumenical_altar_fadedgnrine
D:2:      layout_basic, basic_altar, feat_on_display, uniq_terence
D:3:      layout_basic, marbit_many_paths, uniq_ijyb, uniq_natasha

Skill      XL: |  1  2  3  4 |
---------------+-------------+-----
Earth Magic    | 4 5 |  5.5
Spellcasting   | 4 |  4.3
Short Blades   | 1 |  1.0
Fighting       | |  0.3
Dodging        | |  2.4
Stealth        | |  2.4
Transmutations | |  1.1

Action                   |  1- 3 |  4- 6 || total
-------------------------+-------+-------++-------
Melee: Unarmed           |     6 |       ||     6
       Short sword       |    37 |    63 ||   100
       Club              |     1 |       ||     1
       Dagger            |       |    25 ||    25
 Cast: Sandblast         |    35 |    13 ||    48
 Stab: Sleeping          |     2 |     4 ||     6
Armor: Robe              |    11 |     8 ||    19
Dodge: Dodged            |    52 |    48 ||   100
